 Dungeon Crawl Stone Soup version 0.30.0-29-ga12c61a403 (webtiles) character file.

Game seed: 8753163097455420486

34 DildoBatman the Conjurer (level 3, -2/25 HPs)
             Began as a Formicid Conjurer on June 15, 2023.
             Constricted to death by Ijyb (7 damage)
             ... on level 3 of the Dungeon.
             The game lasted 00:02:37 (887 turns).

DildoBatman the Conjurer (Formicid Conjurer)         Turns: 887, Time: 00:02:37

Health: -2/25      AC:  3    Str: 11    XL:     3   Next: 50%
Magic:  15/15      EV:  9    Int: 19    God:
Gold:   95         SH:  5    Dex: 12    Spells: 4/7 levels left

rFire   . . .        g - +0 short sword
rCold   . . .        (no shield)
rNeg    . . .        a - +0 robe
rPois   .            (helmet unavailable)
rElec   .            (no cloak)
rCorr   .            (no gloves)
SInv    +            k - +0 pair of boots
Will    .....        f - amulet of reflection
Stlth   ++           l - ring of magical power
HPRegen 0.24/turn    (no ring)
MPRegen 0.14/turn

%: reflection
@: grasped by roots, constricted
A: permanent stasis, dig shafts and tunnels, antennae 3, four strong arms
a: Dig, Shaft Self


You were on level 3 of the Dungeon.
You visited 1 branch of the dungeon, and saw 3 of its levels.

You collected 95 gold pieces.

Inventory:

Hand Weapons
 g - a +0 short sword (weapon)
Armour
 a - a +0 robe (worn)
 k - a +0 pair of boots (worn)
Jewellery
 f - an amulet of reflection (around neck)
 l - a ring of magical power (left hand)
Scrolls
 e - a scroll of blinking {unknown}
 h - a scroll of magic mapping {unknown}
 i - a scroll of identify {unknown}
Potions
 b - a potion of magic
 c - a potion of flight {unknown}
 d - 3 potions of degeneration {unknown}
 j - a potion of resistance {unknown}
 m - a potion of brilliance {unknown}
 n - a potion of heal wounds {unknown}


   Skills:
 * Level 0.8 Fighting
 * Level 1.0 Armour
 * Level 2.1 Dodging
 - Level 3.0 Stealth
 * Level 2.5 Spellcasting
 * Level 3.7 Conjurations


You had 4 spell levels left.
You knew the following spells:

 Your Spells              Type           Power      Damage    Failure   Level
a - Searing Ray           Conj           32%        2d5       5%          2
c - Magic Dart            Conj           64%        1d6       3%          1

Your spell library contained the following spells:

 Spells                   Type           Power      Damage    Failure   Level
 Dazzling Flash           Conj/Hex       18%        N/A       22%         3
 Fulminant Prism          Conj/Hex       4%         3d5       58%         4
 Iskenderun's Mystic Bla  Conj/Tloc      9%         2d4       58%         4


Dungeon Overview and Level Annotations

Branches:
Dungeon (3/15)

Altars:

Annotations:
D:3 Ijyb


Innate Abilities, Weirdness & Mutations

You cannot be hasted, slowed, berserked, paralysed or teleported.
You can dig through walls and to a lower floor.
You have a pair of large antennae on your head. (SInv)
Your four strong arms can wield two-handed weapons with a shield.


Message History

You escape the roots grasp.
Found a robe.
Ijyb zaps a wand.
The roots erupt in riotous growth!
The grasping roots grab you! The grasping roots constrict you.
You hear a shout!
You escape the roots grasp.
A ball python comes into view.
Found a scroll labelled ROUCUE AMAOMIS.
The ball python closely misses you. The ball python grabs you.
The ball python constricts you. The ball python bites you.
The ball python constricts you.
Casting: Magic Dart (safe; 3% risk of failure)
Confirm with . or Enter, or press ? or * to list all spells.
Aiming: Magic Dart (safe; 3% risk of failure)
Press: ? - help, Shift-Dir - straight line, f - ball python
Aim: a ball python (constricting you, 100% to hit)
The magic dart hits the ball python.
You kill the ball python!
A goblin comes into view. It is wielding a +0 dagger.
Training target 3.0 for Stealth reached!
Your Stealth skill increases to level 3!
Found a glowing falchion.
Ijyb zaps a wand.
The roots erupt in riotous growth!
The grasping roots grab you! The grasping roots constrict you.
You escape the roots grasp.
Are you sure you want to shaft yourself?
Ijyb zaps a wand.
The roots erupt in riotous growth!
The grasping roots grab you! The grasping roots constrict you.
You begin to dig a shaft.
You continue digging a shaft.
The grasping roots constrict you!
You die...

#.?............
#...............
#.....g.........
#......g........
#..............
#..............
#..........##
#.........)#
#.......@..#
#..........#
#..........#
#..........#
############


You could see Ijyb and a goblin.

Vanquished Creatures
  A worm (D:2)
  2 ball pythons
  2 endoplasms (D:1)
  2 goblins (D:1)
  4 hobgoblins (D:1)
  4 jackals (D:1)
  3 kobolds (D:1)
  2 quokkas
  2 bats
  4 rats (D:1)
26 creatures vanquished.

Notes
Turn   | Place    | Note
-------+----------+-------------------------------------------
     0 | D:1      | DildoBatman the Formicid Conjurer began the quest for the
                  | Orb.
     0 | D:1      | Reached XP level 1. HP: 13/13 MP: 3/3
   225 | D:1      | Reached XP level 2. HP: 20/20 MP: 0/5
   228 | D:1      | Learned a level 2 spell: Searing Ray
   528 | D:1      | Reached XP level 3. HP: 25/25 MP: 2/6
   733 | D:1      | Reached skill level 1 in Armour
   824 | D:2      | You fall into a shaft and drop 1 floor!
   847 | D:3      | Noticed Ijyb
   887 | D:3      | Constricted to death by Ijyb

Illustrated notes

Levels and vault maps discovered:
D:1:      dpeg_arrival_simpleton_a, layout_loops_ring
D:2:      layout_loops_ring, wander_ebering_terrifying_dragon_lair,
          uniq_crazy_yiuf_cottage
D:3:      layout_basic, uniq_ijyb

Skill      XL: |  1  2  3 |
---------------+----------+-----
Dodging        | 2 |  2.1
Armour         | 1 |  1.0
Stealth        | 3 |  3.0
Fighting       | |  0.8
Spellcasting   | |  2.5
Conjurations   | |  3.7

Action                     || total
---------------------------++-------
  Melee: Unarmed           ||    51
         Short sword       ||    23
   Cast: Magic Dart        ||    29
         Searing Ray       ||     3
Ability: Shaft Self        ||     1
   Stab: Sleeping          ||     2
 Armour: Robe              ||     8
  Dodge: Dodged            ||    53
  Block: Other             ||    13
